 Dungeon Crawl Stone Soup version 0.28.0-43-g3370ac3207 (webtiles) character file.

Game seed: 2990111395143539967

17096 Peloso the Protected (level 12, -1/105 HPs)
             Began as a Minotaur Fighter on Mar 25, 2022.
             Was a High Priest of Okawaru.
             Succumbed to a cane toad's poison
             ... on level 1 of the Lair of Beasts.
             The game lasted 00:20:05 (14024 turns).

Peloso the Protected (Minotaur Fighter)            Turns: 14024, Time: 00:20:06

Health: -1/105     AC: 29    Str: 24    XL:     12   Next: 15%
Magic:  11/12      EV: 12    Int:  5    God:    Okawaru [*****.]
Gold:   853        SH: 15    Dex: 18    Spells: 11/11 levels left

rFire   + + .      SeeInvis +   M - +1 trident (flame)
rCold   . . .      Faith    .   c - +2 buckler {rF+}
rNeg    . . .      Spirit   .   L - +8 plate armour of Nice Miracles {rF+}
rPois   .          Reflect  +   I - +0 hat {SInv}
rElec   .          Harm     .   t - +0 cloak
rCorr   .          Rampage  .   y - +0 pair of gloves
Will    .....                   (no boots)
Stlth   ..........              n - amulet of reflection
HPRegen 0.27/turn               j - +6 ring of dexterity
MPRegen 0.13/turn               (no ring)

@: lethally poisoned (-1 -> -9), heroic
A: horns 2, retaliatory headbutt
a: Renounce Religion, Heroism, Finesse, Duel


You were on level 1 of the Lair of Beasts.
You worshipped Okawaru.
Okawaru was extremely pleased with you.
You visited 3 branches of the dungeon, and saw 13 of its levels.

You collected 1027 gold pieces.
You spent 174 gold pieces at shops.

Inventory:

Hand Weapons
 a - a +0 long sword
 b - the +9 rapier of Linearity {freeze, rElec rCorr}
   (You found it on level 8 of the Dungeon)

   It freezes those it strikes, dealing additional cold damage.
   It can also slow down cold-blooded creatures.
   rElec:     It insulates you from electricity.
   rCorr:     It protects you from acid and corrosion.
 M - a +1 trident of flaming (weapon)
Missiles
 x - 3 throwing nets (quivered)
Armour
 c - a +2 buckler of fire resistance (worn)
 h - a +0 chain mail
 t - a +0 cloak (worn)
 y - a +0 pair of gloves (worn)
 I - a +0 hat of see invisible (worn)
 L - the +8 plate armour of Nice Miracles (worn) {rF+}
   (Okawaru gifted it to you on level 1 of the Orcish Mines)

   rF:        It protects you from fire.
Jewellery
 j - a +6 ring of dexterity (left hand)
 n - an amulet of reflection (around neck)
 o - a +6 ring of intelligence
 E - a ring of resist corrosion
Wands
 v - a wand of paralysis (10)
 C - a wand of mindburst (9)
 D - a wand of digging (3)
 H - a wand of acid (6)
Scrolls
 i - 5 scrolls of teleportation
 m - a scroll of enchant armour
 p - 3 scrolls of magic mapping
 r - 2 scrolls of fear
 u - 2 scrolls of identify
 A - a scroll of summoning
 G - a scroll of noise
 J - a scroll of acquirement
Potions
 d - a potion of might
 e - a potion of heal wounds
 f - 9 potions of curing
 g - 4 potions of haste
 k - 4 potions of mutation
 l - a potion of berserk rage
 q - 2 potions of flight {unknown}
 s - 2 potions of invisibility {unknown}
 w - a potion of resistance {unknown}
 z - a potion of lignification {unknown}
 B - a potion of magic {unknown}
 F - a potion of attraction {unknown}
 K - a potion of cancellation {unknown}


   Skills:
 + Level 9.4(14.4) Fighting
 + Level 10.3(16.8) Short Blades
 + Level 9.8(17.1) Long Blades
 + Level 0.6(5.6) Polearms
 + Level 12.7(17.7) Armour
 + Level 4.1(9.1) Dodging
 + Level 1.8(6.8) Stealth
 + Level 10.5(15.5) Shields
 + Level 2.1 Invocations


You had 11 spell levels left.
You didn't know any spells.
Your spell library contained the following spells:

 Spells                   Type           Power      Damage    Failure   Level
 Freeze                   Ice            0%         1d3       99%         1
 Sublimation of Blood     Necr           0%         N/A       99%         2
 Frozen Ramparts          Ice            0%         1d2       100%        3
 Hailstorm                Conj/Ice       0%         3d3       100%        4
 Ice Form                 Ice/Tmut       0%         N/A       100%        4
 Petrify                  Tmut/Erth      0%         N/A       100%        4
 Irradiate                Conj/Tmut      0%         3d14      100%        5
 Simulacrum               Ice/Necr       Unusable   N/A       N/A         6

Dungeon Overview and Level Annotations

Branches:
Dungeon (11/15)            Temple (0/1) D:4            Lair (1/6) D:11
    Orc (1/2) D:10

Altars:
Ashenzari
Cheibriados
Elyvilon
Gozag
Makhleb
Nemelex Xobeh
Okawaru
Ru
Sif Muna
Wu Jian

Shops:
D:10 ?   D:11 =


Innate Abilities, Weirdness & Mutations

You have a pair of horns on your head.
You reflexively headbutt those who attack you in melee.


Message History

You puncture the six-headed hydra! You burn the six-headed hydra.
You headbutt the six-headed hydra!
The six-headed hydra is heavily wounded.
The six-headed hydra bites you but does no damage.
The six-headed hydra barely misses you. The six-headed hydra bites you.
The six-headed hydra bites you!
You block the six-headed hydra's attack.
The six-headed hydra bites you but does no damage.
You block the cane toad's attack.
You impale the six-headed hydra!! You burn the six-headed hydra.
You headbutt the six-headed hydra!
The six-headed hydra is almost dead.
The six-headed hydra completely misses you.
The six-headed hydra misses you. The six-headed hydra barely misses you.
The six-headed hydra bites you but does no damage.
The six-headed hydra bites you.
You block the six-headed hydra's attack.
The cane toad stings you!
* * * LOW HITPOINT WARNING * * *
You are poisoned.
The cane toad poisons you!
You hit the six-headed hydra. You burn the six-headed hydra.
The six-headed hydra is almost dead.
You feel very sick. The cane toad barely misses you. You furiously retaliate!
You headbutt the cane toad.
The six-headed hydra bites you but does no damage. x2
You block the six-headed hydra's attack.
The six-headed hydra bites you but does no damage.
The six-headed hydra bites you.
* * * LOW HITPOINT WARNING * * *
The six-headed hydra bites you.
* * * LOW HITPOINT WARNING * * *
You impale the six-headed hydra!! You burn the six-headed hydra.
You kill the six-headed hydra!
Okawaru is honoured by your kill.
You feel very sick. The cane toad closely misses you. The cane toad stings you!
* * * LOW HITPOINT WARNING * * *
You die...

#....................
#.......................
##......................
##.....................
##....................
###..................#
##. #.................#
..###................#
...#..#.........@...#
......###......<....#
..(..## ####....F..#.#
......# #.###.#.# #
......# ### #####
......# .....## ....##
...##


You could see a cane toad.

Vanquished Creatures
  Gastronok (D:11)
  Snorg (D:11)
  Harold (Lair:1)
  A boulder beetle (D:11)
  A hydra (Lair:1)
  A two-headed ogre (D:10)
  3 death yaks (D:11)
  A cyclops (Orc:1)
  2 manticores (D:11)
  A gargoyle (D:11)
  A komodo dragon (Lair:1)
  An unseen horror (D:10)
  4 trolls
  A polar bear (Lair:1)
  A hornet (D:10)
  A wraith (D:11)
  5 shadows
  12 yaks
  6 humans (D:10)
  A wyvern (D:7)
  3 steam dragons
  3 wargs
  An acid dragon (D:9)
  2 water moccasins
  9 orc warriors
  A hornet zombie (D:6)
  A sky beast (D:5)
  A black bear (D:7)
  2 ogres
  A centaur (D:9)
  3 bullfrogs
  2 gnoll sergeants
  4 scorpions
  5 killer bees (D:8)
  3 wights (D:8)
  A howler monkey (D:5)
  2 centaur zombies
  2 jellies
  6 orc priests
  A bullfrog skeleton (D:5)
  A centaur skeleton (D:5)
  A gnoll shaman (D:7)
  Terence (D:2)
  An iguana (D:5)
  4 orc wizards
  A hell rat (D:11)
  2 killer bee zombies
  A howler monkey zombie (D:8)
  18 gnolls
  4 adders
  2 white imps (D:6)
  2 adder skeletons
  A worm (D:3)
  2 dart slugs
  23 orcs
  5 bats
  8 endoplasms
  2 giant cockroaches
  5 goblins
  5 hobgoblins
  5 quokkas
  3 ball pythons (D:1)
  3 frilled lizards
  8 kobolds
  A rat (D:1)
208 creatures vanquished.

Vanquished Creatures (others)
  24 plants (Lair:1)
24 creatures vanquished.

Grand Total: 232 creatures vanquished

Notes
Turn   | Place    | Note
-------+----------+-------------------------------------------
     0 | D:1      | Peloso the Minotaur Fighter began the quest for the Orb.
     0 | D:1      | Reached XP level 1. HP: 19/19 MP: 0/0
    93 | D:1      | Reached skill level 4 in Armour
   255 | D:1      | Reached XP level 2. HP: 27/27 MP: 1/1
   536 | D:1      | Found a faded altar of an unknown god.
   884 | D:2      | Noticed Terence
   896 | D:2      | Killed Terence
   897 | D:2      | Reached XP level 3. HP: 22/33 MP: 2/2
  1032 | D:2      | Found an iron altar of Okawaru.
  1039 | D:2      | Became a worshipper of Warmaster Okawaru
  1307 | D:2      | Reached XP level 4. HP: 40/40 MP: 3/3
  1731 | D:3      | Found a burning altar of Makhleb.
  1976 | D:3      | Reached skill level 1 in Dodging
  2302 | D:3      | Found a shimmering blue altar of Sif Muna.
  2854 | D:4      | Found a staircase to the Ecumenical Temple.
  2854 | D:4      | Noticed a scorpion
  2866 | D:4      | Killed a scorpion
  2867 | D:4      | Reached XP level 5. HP: 21/46 MP: 4/4
  3145 | D:4      | Reached skill level 5 in Armour
  3154 | D:4      | Reached skill level 5 in Long Blades
  3679 | D:5      | Entered Level 5 of the Dungeon
  3706 | D:5      | Reached XP level 6. HP: 52/55 MP: 5/5
  3742 | D:5      | Found a snail-covered altar of Cheibriados.
  3743 | D:5      | Found a white marble altar of Elyvilon.
  3745 | D:5      | Found an opulent altar of Gozag.
  3745 | D:5      | Found an ornate altar of the Wu Jian Council.
  3883 | D:5      | Reached skill level 5 in Fighting
  3947 | D:5      | Noticed a sky beast
  3968 | D:5      | Killed a sky beast
  3968 | D:5      | Reached * piety under Okawaru
  4164 | D:5      | Found a broken altar of Ashenzari.
  4224 | D:5      | Reached XP level 7. HP: 56/61 MP: 6/6
  4405 | D:5      | Noticed a yak
  4406 | D:5      | Noticed a yak
  4406 | D:5      | Noticed a yak
  4446 | D:5      | Killed a yak
  4447 | D:5      | Reached skill level 6 in Armour
  4452 | D:5      | Killed a yak
  4460 | D:5      | Killed a yak
  4460 | D:5      | Reached ** piety under Okawaru
  4461 | D:5      | Reached XP level 8. HP: 44/70 MP: 4/7
  5562 | D:6      | Reached skill level 7 in Armour
  5562 | D:6      | Reached skill level 5 in Shields
  7121 | D:7      | Found a sparkling altar of Nemelex Xobeh.
  7130 | D:7      | Found a sacrificial altar of Ru.
  7335 | D:8      | Reached skill level 8 in Armour
  7357 | D:8      | Reached XP level 9. HP: 36/78 MP: 8/8
  7594 | D:8      | Identified the +9 rapier of Linearity {freeze, rElec rCorr}
  7654 | D:8      | Reached skill level 1 in Short Blades
  7666 | D:8      | Reached skill level 1 in Stealth
  7861 | D:8      | Reached *** piety under Okawaru
  7987 | D:8      | Reached skill level 9 in Armour
  8621 | D:9      | Noticed a troll
  8629 | D:9      | Killed a troll
  9332 | D:10     | Entered Level 10 of the Dungeon
  9354 | D:10     | Found Vumato's Magic Scroll Shop.
  9359 | D:10     | Bought 3 scrolls of identify for 72 gold pieces
  9359 | D:10     | Bought a scroll of noise for 12 gold pieces
  9359 | D:10     | Bought a scroll of magic mapping for 42 gold pieces
  9367 | D:10     | Bought a scroll of identify for 24 gold pieces
  9367 | D:10     | Bought a scroll of identify for 24 gold pieces
  9369 | D:10     | Noticed a troll
  9381 | D:10     | Killed a troll
  9381 | D:10     | Reached **** piety under Okawaru
  9382 | D:10     | Reached XP level 10. HP: 73/86 MP: 6/9
  9457 | D:10     | Noticed a two-headed ogre
  9473 | D:10     | Killed a two-headed ogre
  9474 | D:10     | Reached skill level 10 in Armour
 10082 | D:10     | Reached skill level 5 in Short Blades
 10082 | D:10     | Reached skill level 1 in Invocations
 10306 | D:10     | Paralysed by a hornet for 1 turns
 10509 | D:10     | Reached skill level 11 in Armour
 10514 | D:10     | Reached ***** piety under Okawaru
 10597 | D:10     | Found a staircase to the Orcish Mines.
 11376 | D:11     | Noticed a boulder beetle
 11414 | D:11     | Killed a boulder beetle
 11415 | D:11     | Reached XP level 11. HP: 18/95 MP: 6/10
 11730 | D:11     | Noticed Snorg
 11746 | D:11     | Killed Snorg
 11817 | D:11     | Noticed a death yak
 11820 | D:11     | Noticed a death yak
 11821 | D:11     | Noticed a death yak
 11849 | D:11     | Killed a death yak
 11859 | D:11     | Killed a death yak
 11860 | D:11     | Reached skill level 12 in Armour
 11872 | D:11     | Killed a death yak
 11872 | D:11     | Received a gift from Okawaru
 12149 | D:11     | Found a staircase to the Lair.
 12411 | D:11     | Noticed Gastronok
 12426 | D:11     | Killed Gastronok
 12427 | D:11     | Reached skill level 10 in Shields
 12427 | D:11     | Found Mamamown's Jewellery Emporium.
 12956 | D:11     | Identified a scroll of acquirement
 13001 | Lair:1   | Entered Level 1 of the Lair of Beasts
 13190 | Lair:1   | Noticed Harold
 13214 | Lair:1   | Killed Harold
 13214 | Lair:1   | Reached ****** piety under Okawaru
 13215 | Lair:1   | Reached XP level 12. HP: 79/104 MP: 9/12
 13225 | Lair:1   | Noticed an eight-headed hydra
 13288 | Lair:1   | Noticed a six-headed hydra
 13427 | Orc:1    | Entered Level 1 of the Orcish Mines
 13431 | Orc:1    | Reached skill level 10 in Short Blades
 13440 | Orc:1    | Identified the +8 plate armour of Nice Miracles {rF+}
                  | (Okawaru gifted it to you on level 1 of the Orcish Mines)
 13440 | Orc:1    | Received a gift from Okawaru
 14023 | Lair:1   | Killed a six-headed hydra
 14023 | Lair:1   | HP: 1/105 [cane toad (13)]
 14024 | Lair:1   | Succumbed to a cane toad's poison

Illustrated notes

Levels and vault maps discovered:
D:1:      shiori_arrival_elements, layout_loops_ring,
          shapermc_ecumenical_altar_mp_vishouse, serial_bayou_pond_d
D:2:      layout_loops_cross, basic_altar, uniq_terence
D:3:      layout_basic, nicolae_sif_muna_condensation,
          mainiacjoe_overflow_24_doors
D:4:      layout_cave_pods, minmay_temple_entry_hall
D:5:      layout_loops_ring, evilmike_ruin_ashenzari,
          mainiacjoe_overflow_alcove_3, small_statue_intersection
D:6:      layout_basic, minmay_misc_feat_tower
D:7:      layout_loops_corners, amethyst_overflow_temple_binary
D:8:      layout_rooms, hellmonk_bongcloud_opening,
          chequers_serial_rivers_micro_c, nicolae_concentric_dashed_squares_wild
D:9:      layout_cross
D:10:     layout_cave_pods, david_orc_1_choice, serial_shops,
          nicolae_shop_hallway_stairs, minmay_ruffians
D:11:     layout_long_grid, dpeg_lair_monsters, serial_shops,
          nicolae_shop_statue_plus, uniq_snorg, uniq_gastronok
Lair:1:   layout_cave_pods, serial_bayou_lagoon_a, infiniplex_staircase_pool_2,
          uniq_harold, uniq_fannar
Orc:1:    nicolae_orc_accident_2, layout_caves, mines_bat_river

Skill      XL: |  1  2  3  4  5  6  7  8  9 10 11 12 |
---------------+-------------------------------------+-----
Armour         | 4 5 6 8 9 11 12 | 12.7
Long Blades    | 3 4 5 6 7 9 |  9.8
Fighting       | 4 5 6 7 8 9 |  9.4
Dodging        | 1 2 3 4 |  4.1
Shields        | 4 5 7 9 10 | 10.5
Short Blades   | 3 6 9 10 | 10.3
Stealth        | 1 |  1.8
Invocations    | 1 2 |  2.1
Polearms       | |  0.6

Action                   |  1- 3 |  4- 6 |  7- 9 | 10-12 || total
-------------------------+-------+-------+-------+-------++-------
Melee: Long sword        |    61 |    97 |   160 |       ||   318
       Headbutt          |    11 |    16 |    54 |    87 ||   168
       Rapier            |       |       |    86 |   332 ||   418
       Trident           |       |       |       |     6 ||     6
Invok: Heroism           |       |       |     5 |    12 ||    17
  Use: Scroll            |     2 |     1 |     8 |     3 ||    14
       Potion            |       |       |       |     1 ||     1
Armor: Scale mail        |    35 |       |       |       ||    35
       Chain mail        |     5 |    47 |    79 |    79 ||   210
       Plate armour      |       |       |       |    26 ||    26
Dodge: Dodged            |    38 |    24 |    90 |    86 ||   238
Block: Buckler           |    15 |    28 |   139 |   186 ||   368
       Reflection        |       |       |     1 |    10 ||    11
